 Dungeon Crawl Stone Soup version 0.23-a0-417-gf02c810438 (webtiles) character file.

9273 Oesh the Unseen (level 11, -20/53 HPs)
             Began as a Spriggan Enchanter on Nov 11, 2018.
             Was an Elder of Dithmenos.
             Demolished by a reaper
             ... wielding a +3 scythe of freezing
              (44 damage)
             ... in an ice cave.
             The game lasted 00:33:27 (13340 turns).

Oesh the Unseen (Spriggan Enchanter)               Turns: 13340, Time: 00:33:27

Health: -20/53     AC:  4    Str:  9    XL:     11   Next: 20%
Magic:  23/23      EV: 25    Int: 18    God:    Dithmenos [****..]
Gold:   506        SH:  0    Dex: 17    Spells: 5/25 levels left

rFire    . . .     SeeInvis +   o - +3 short sword (elec)
rCold    + . .     Gourm    .   (shield restricted)
rNeg     . . .     Faith    .   C - +2 robe {rC+}
rPois    .         Spirit   .   (helmet restricted)
rElec    .         Reflect  .   (no cloak)
rCorr    .         Harm     .   (gloves unavailable)
MR       +....                  (boots unavailable)
Stlth    +++++++++.             p - amulet of magic regeneration
HPRegen  0.17/turn              g - +3 ring of strength
MPRegen  0.43/turn              i - +2 ring of evasion

@: about to teleport, wreathed by umbra, studying Hexes, very quick
A: very small, unfitting armour, see invisible, herbivore, speed 3, slow
metabolism 2
a: Shadow Step, Renounce Religion


You were in an ice cave.
You worshipped Dithmenos.
Dithmenos was greatly pleased with you.
You were hungry.

You visited 2 branches of the dungeon, and saw 12 of its levels.
You also visited: Labyrinth and Ice Cave.

You collected 506 gold pieces.

Inventory:

Hand Weapons
 a - a +1 dagger
 o - a +3 short sword of electrocution (weapon)
 B - a +2 dagger of venom
Missiles
 j - 80 bolts
 k - 160 arrows
 l - 3 throwing nets (quivered)
Armour
 C - a +2 robe of cold resistance (worn)
 I - the +1 hat of Ujikavvo {Str+3, unknown}
   (You found it in an ice cave)

   It affects your strength (+3).
 K - the cursed -5 hat of Coronation {rElec MR+ Stlth-, unknown}
   (You found it in an ice cave)

   It insulates you from electricity.
   It affects your resistance to hostile enchantments.
   It makes you less stealthy.
   It has a curse placed upon it.
Jewellery
 c - an uncursed ring of flight
 g - a +3 ring of strength (left hand)
 i - a +2 ring of evasion (right hand)
 p - an amulet of magic regeneration (around neck)
 F - an uncursed amulet of regeneration {unknown}
 H - an uncursed ring of positive energy
Wands
 q - a wand of enslavement (16)
 x - a wand of flame (28)
 E - a wand of polymorph (9)
 G - a wand of random effects (10)
Scrolls
 b - a scroll of vulnerability
 h - 3 scrolls of teleportation
 t - 4 scrolls of remove curse
 v - 2 scrolls of amnesia
Potions
 e - a potion of flight
 f - a potion of agility
 m - a potion of lignification
 n - 3 potions of curing
 r - 2 potions of magic
 u - a potion of degeneration {unknown}
 z - a potion of resistance {unknown}
 A - a potion of brilliance {unknown}
 D - a potion of cancellation {unknown}
Books
 w - a manual of Hexes
Miscellaneous
 y - a lightning rod (4/4)
 J - a lamp of fire
Comestibles
 d - 11 rations


   Skills:
 + Level 4.1 Fighting
 + Level 5.5 Short Blades
 + Level 7.8 Dodging
 + Level 17.4 Stealth
 + Level 7.8 Spellcasting
 + Level 10.1 Hexes
 + Level 3.0 Summonings


You had 5 spell levels left.
You knew the following spells:

 Your Spells              Type           Power        Failure   Level  Hunger
a - Ensorcelled Hibernat  Hex/Ice        ####..       1%          2    None
b - Corona                Hex            #####..      1%          1    None
c - Confuse               Hex            #####...     1%          3    #......
d - Tukima's Dance        Hex            #####...     1%          3    #......
e - Dazzling Spray        Conj/Hex       ####..       3%          3    #......
f - Mephitic Cloud        Conj/Pois/Air  #.......     30%         3    #......
g - Summon Mana Viper     Hex/Summ       ####....     19%         5    #####..

Your spell library contained the following spells:

 Spells                   Type           Power        Failure   Level  Hunger
 Summon Butterflies       Summ           ###.....     2%          1    None
 Call Canine Familiar     Summ           ###.....     9%          3    #......
 Apportation              Tloc           #.....       10%         1    None
 Beastly Appendage        Tmut           #.....       10%         1    None
 Sandblast                Erth           #.....       10%         1    None
 Blink                    Tloc           N/A          16%         2    None
 Passwall                 Tmut/Erth      #.......     16%         2    None
 Poisonous Vapours        Pois/Air       #.....       16%         2    None
 Shroud of Golubria       Chrm/Tloc      #.........   16%         2    None
 Sticks to Snakes         Tmut           #.......     16%         2    None
 Conjure Flame            Conj/Fire      #.......     30%         3    #......
 Lesser Beckoning         Tloc           #.........   30%         3    #......
 Spider Form              Tmut/Pois      #.........   30%         3    #......
 Stone Arrow              Conj/Erth      #.....       30%         3    #......
 Summon Ice Beast         Ice/Summ       ##......     47%         4    ###....
 Ice Form                 Ice/Tmut       #.......     69%         4    ###....
 Petrify                  Tmut/Erth      #.......     69%         4    ###....
 Blade Hands              Tmut           #.........   95%         5    #####..
 Lee's Rapid Deconstruct  Erth           #.........   95%         5    #####..
 Freezing Cloud           Conj/Ice/Air   #.........   100%        6    ######.
 Haunt                    Necr/Summ      ##........   100%        7    #######
 Ring of Flames           Chrm/Fire      #.........   100%        7    #######
 Summon Hydra             Summ           ###.......   100%        7    #######
 Borgnjor's Revivificati  Necr           #.........   100%        8    #######
 Controlled Blink         Tloc           N/A          100%        8    #######
 Death's Door             Chrm/Necr      #.........   100%        8    #######
 Infestation              Necr           #.........   100%        8    #######
 Necromutation            Tmut/Necr      #.........   100%        8    #######


Dungeon Overview and Level Annotations

Branches:
Dungeon (11/15)            Temple (1/1) D:5            Lair (0/6) D:10
    Orc: D:9-12

Altars:
Ashenzari
Cheibriados
Dithmenos
Elyvilon
Fedhas
Gozag
Hepliaklqana
Kikubaaqudgha
Makhleb
Nemelex Xobeh
Okawaru
Qazlal
Ru
Sif Muna
Trog
Uskayaw
Vehumet
Wu Jian
Xom
Yredelemnul
Zin
The Shining One
Beogh

Annotations:
D:11 Grum IceCv exclusion: 2 ice statues


Innate Abilities, Weirdness & Mutations

You are very small and have problems with some larger weapons.
You are too small for most types of armour.
You have supernaturally acute eyesight. (SInv)
You are a herbivore.
You cover ground extremely quickly.
You need to consume almost no food.


Message History

Found a glowing demon whip, a demon trident of freezing and a plate armour.
You completely miss the reaper.
Your shadow hits the reaper but does no damage.
Unknown command.
Unknown command.
The reaper misses you. The white imp gestures at you.
The puff of frost misses you.
You see here the Almanac of the Voyage.
You pick up the Almanac of the Voyage and begin reading...
You add the spells Apportation, Shroud of Golubria, Blink, Lesser Beckoning and The reaper completely misses you.
The white imp gestures at you. The puff of frost misses you.
Unknown command.
As you read the scroll of teleportation, it crumbles to dust.
You feel strangely unstable.
The reaper hits you with a +3 scythe of freezing!!!
Ouch! That really hurt!
You die...

..#
..5#.........ยง4#
..#
###..#..###.....#
.##
##....#.....#..###
.##
....4.#.....####
..## ##......###
...# ###
#.....##### ...#
#...###.###...#
..##
#.)....2....).#
.##
#...##%.@##...# ##
## ##### ##


You could see a reaper and an ice devil (sleeping).

Vanquished Creatures
  A minotaur (Lab)
  The ghost of motoroller71 the Ducker, a novice GnGl (D:6)
  A centaur zombie (D:11)
  Psyche (D:9)
  An ice devil (IceCv)
  A troll (D:10)
  A hornet (D:11)
  A hippogriff (D:7)
  Sigmund (D:5)
  5 yaks (D:9)
  A hungry ghost (D:7)
  Edmund (D:4)
  A warg (D:6)
  8 orc warriors
  A sky beast (D:8)
  3 ice beasts
  3 phantoms
  A hornet zombie (D:6)
  2 black bears
  4 ogres
  2 centaurs
  4 wolves (D:10)
  4 big kobolds
  6 bullfrogs
  2 water moccasin zombies
  3 killer bees (D:10)
  7 wights
  2 electric eels (D:10)
  A howler monkey (D:6)
  5 crimson imps
  A bullfrog zombie (D:10)
  2 jellies
  6 hounds
  8 orc priests
  A bullfrog skeleton (D:9)
  3 iguanas
  8 orc wizards
  4 worker ants
  A killer bee zombie (D:5)
  A hound zombie (D:9)
  A worker ant zombie (D:5)
  7 gnolls
  A howler monkey skeleton (D:6)
  8 adders
  3 shadow imps
  6 white imps (IceCv)
  5 ufetubi (IceCv)
  An ooze (D:4)
  A worm (D:2)
  5 dart slugs
  2 leopard geckos
  50 orcs
  A ball python (D:3)
  6 giant cockroaches
  4 hobgoblins
  12 jackals
  4 quokkas
  10 bats
  4 frilled lizards
  7 goblins
  27 kobolds
  2 quokka skeletons
  6 rats
283 creatures vanquished.

Vanquished Creatures (others)
  A dancing weapon (D:6)
  A hound (D:4)
  2 white imps (IceCv)
  2 ufetubi (IceCv)
6 creatures vanquished.

Grand Total: 289 creatures vanquished

Notes
Turn   | Place    | Note
-------+----------+-------------------------------------------
     0 | D:1      | Oesh the Spriggan Enchanter began the quest for the Orb.
     0 | D:1      | Reached XP level 1. HP: 9/9 MP: 5/5
   445 | D:2      | Reached XP level 2. HP: 6/13 MP: 5/7
   505 | D:2      | Learned a level 2 spell: Ensorcelled Hibernation
   633 | D:1      | Reached XP level 3. HP: 16/16 MP: 3/9
   638 | D:1      | Learned a level 3 spell: Confuse
   642 | D:1      | Learned a level 3 spell: Tukima's Dance
  1670 | D:2      | Noticed an ice beast
  1685 | D:2      | Killed an ice beast
  1685 | D:2      | Reached skill level 5 in Hexes
  1685 | D:2      | Reached XP level 4. HP: 21/21 MP: 7/11
  1685 | D:2      | Reached XP level 5. HP: 24/24 MP: 8/13
  1690 | D:2      | Learned a level 3 spell: Dazzling Spray
  1907 | D:2      | Reached skill level 5 in Stealth
  2242 | D:3      | Found a shadowy altar of Dithmenos.
  2248 | D:3      | Became a worshipper of Dithmenos the Shadowed
  2735 | D:4      | Reached skill level 6 in Stealth
  2744 | D:4      | Noticed an ogre
  2776 | D:4      | Killed an ogre
  2776 | D:4      | Reached skill level 7 in Stealth
  2776 | D:4      | Reached XP level 6. HP: 9/28 MP: 10/14
  2981 | D:4      | Found a shattered altar of Ashenzari.
  3066 | D:4      | Noticed Edmund
  3082 | D:4      | Killed Edmund
  3082 | D:4      | Reached skill level 9 in Stealth
  3136 | D:4      | Reached XP level 7. HP: 16/32 MP: 5/15
  3537 | D:4      | Reached skill level 10 in Stealth
  3924 | D:4      | Reached * piety under Dithmenos
  4090 | D:5      | Entered Level 5 of the Dungeon
  4090 | D:5      | Noticed Sigmund
  4096 | D:5      | Killed Sigmund
  4096 | D:5      | Reached skill level 11 in Stealth
  4149 | D:5      | Reached skill level 12 in Stealth
  4366 | D:5      | Found a staircase to the Ecumenical Temple.
  4375 | Temple   | Entered the Ecumenical Temple
  4669 | D:5      | Reached XP level 8. HP: 36/36 MP: 16/16
  5164 | D:6      | You fall through a shaft!
  5182 | D:7      | Found a snail-covered altar of Cheibriados.
  5205 | D:7      | Reached skill level 13 in Stealth
  5435 | D:6      | Found an ancient bone altar of Kikubaaqudgha.
  5446 | D:6      | Found a runed gate.
  5449 | D:6      | Found a runed gate.
  5450 | D:6      | Found a roughly hewn altar of Beogh.
  5450 | D:6      | Found a runed gate.
  5450 | D:6      | Noticed motoroller71's ghost (novice GnGl)
  5644 | D:6      | Reached ** piety under Dithmenos
  5821 | D:6      | Reached skill level 14 in Stealth
  6096 | D:6      | Reached skill level 15 in Stealth
  6182 | D:6      | Reached XP level 9. HP: 22/39 MP: 9/17
  6188 | D:6      | Reached skill level 16 in Stealth
  6362 | D:6      | Reached skill level 5 in Spellcasting
  7401 | D:7      | Reached skill level 1 in Fighting
  7567 | D:7      | Found a sparkling altar of Nemelex Xobeh.
  8357 | D:8      | Reached *** piety under Dithmenos
  8659 | D:8      | Learned a level 3 spell: Mephitic Cloud
  8740 | D:8      | Reached skill level 5 in Dodging
  9081 | D:9      | Learned a level 5 spell: Summon Mana Viper
  9187 | D:9      | Reached XP level 10. HP: 47/47 MP: 20/20
  9359 | D:9      | Reached skill level 1 in Summonings
  9549 | D:9      | Noticed Psyche
  9553 | D:9      | Killed Psyche
  9562 | D:9      | Reached **** piety under Dithmenos
  9868 | D:10     | Entered Level 10 of the Dungeon
 10498 | D:10     | Found a staircase to the Lair.
 10528 | D:10     | Reached skill level 17 in Stealth
 11187 | D:6      | Killed motoroller71's ghost
 11187 | D:6      | Reached skill level 5 in Short Blades
 11659 | D:11     | Reached XP level 11. HP: 37/53 MP: 23/23
 11746 | D:11     | Found a labyrinth entrance.
 11765 | Lab      | Entered a labyrinth
 12399 | Lab      | Identified the +1 chain mail of the Mackerel {rC+ Regen+}
 12399 | Lab      | Identified the amulet of Finality {rC++ MR- Regen+ Int+3}
 12399 | Lab      | Noticed a minotaur
 12402 | Lab      | Killed a minotaur
 12402 | Lab      | Reached skill level 10 in Hexes
 12436 | D:11     | Noticed Grum
 12447 | D:11     | Found a frozen archway.
 12455 | IceCv    | Entered an ice cave
 13201 | IceCv    | HP: 1/53 [ice statue] (9)]
 13227 | IceCv    | Got a polished hat
 13230 | IceCv    | Got a bloodstained hat
 13332 | IceCv    | Noticed a reaper
 13337 | IceCv    | Identified the Almanac of the Voyage
 13340 | IceCv    | Demolished by a reaper

Vault maps used:
D:1:      dpeg_arrival_shelter, chequers_serial_rivers_room_b
D:2:      first_ration, kennysheep_generic_room_15
D:3:      grunt_dithmenos_smoke_and_mirrors
D:4:      cheibrodos_ashenzari_chains, uniq_edmund
D:5:      minmay_temple_entry_poolview, uniq_sigmund
D:6:      lemuel_doored_altar, biasface_ghost_orc_armoury,
          small_statue_intersection, minmay_manual_mail
D:7:      nemelex_xobeh_ov_fountains_minmay, lemuel_crystal_altar,
          serial_bayou_pond_d, st_stairs_3
D:8:      wad_pebble_path
D:9:      uniq_psyche
D:10:     erik_lair_island
D:11:     portal_ice_cave_entry_pillars_1, lab_entry_generic, uniq_josephine,
          uniq_erolcha, uniq_grum
Temple:   dpeg_five_rooms_temple
Lab:      labyrinth_watery
IceCv:    ice_cave_small_demon

Skill      XL: |  1  2  3  4  5  6  7  8  9 10 11 |
---------------+----------------------------------+-----
Spellcasting   | 3 4 6 7 |  7.8
Hexes          | 4 5 7 9 10 | 10.1
Stealth        | 7 9 12 15 16 17 | 17.4
Fighting       | 2 3 4 |  4.1
Short Blades   | 3 5 |  5.5
Dodging        | 5 7 |  7.8
Summonings     | 2 3 |  3.0

Action                   |  1- 3 |  4- 6 |  7- 9 | 10-12 || total
-------------------------+-------+-------+-------+-------++-------
Melee: Dagger            |    94 |    13 |       |       ||   107
       Short sword       |       |    70 |   256 |   247 ||   573
Throw: Tomahawk          |     3 |       |       |       ||     3
 Cast: Corona            |     7 |       |       |       ||     7
       Ensorcelled Hiber |    11 |    17 |    43 |    36 ||   107
       Confuse           |     1 |     2 |    26 |    17 ||    46
       Dazzling Spray    |       |     1 |     2 |     5 ||     8
       Tukima's Dance    |       |       |     2 |       ||     2
  Use: Scroll            |     3 |     7 |     7 |     7 ||    24
       Potion            |       |     2 |     1 |     8 ||    11
 Stab: Sleeping          |    13 |    16 |    66 |    39 ||   134
       Confused          |     2 |       |     4 |     9 ||    15
       Invisible         |       |       |     1 |     5 ||     6
       Distracted        |       |       |     1 |     1 ||     2
  Eat: Ration            |       |     1 |     4 |     2 ||     7
Armor: Robe              |    18 |     9 |    11 |    10 ||    48
Dodge: Dodged            |    82 |    93 |   240 |   318 ||   733

Table legend:
 A = Non-vault XP
 B = Vault XP
 C = Vault XP percentage of total XP
 D = Non-vault monster count
 E = Vault monster count
 F = Vault count percentage of total count
                 A         B        C        D         E       F
            +---------+---------+-------+---------+---------+-------
      Total |    8382 |    4866 |  36.7 |     243 |      41 |  14.4
            +---------+---------+-------+---------+---------+-------
        D:1 |      47 |       0 |   0.0 |      19 |       0 |   0.0
        D:2 |     194 |       4 |   2.0 |      23 |       2 |   8.0
        D:3 |      23 |       0 |   0.0 |       8 |       0 |   0.0
        D:4 |     561 |     164 |  22.6 |      21 |       1 |   4.5
        D:5 |     357 |     227 |  38.9 |      20 |       1 |   4.8
        D:6 |    1627 |    1292 |  44.3 |      43 |      15 |  25.9
        D:7 |     798 |     232 |  22.5 |      20 |       1 |   4.8
        D:8 |     713 |       0 |   0.0 |      18 |       0 |   0.0
        D:9 |    1812 |     404 |  18.2 |      33 |       1 |   2.9
       D:10 |    1057 |     854 |  44.7 |      23 |       7 |  23.3
       D:11 |    1193 |       0 |   0.0 |      15 |       0 |   0.0
        Lab |       0 |    1254 | 100.0 |       0 |       1 | 100.0
      IceCv |       0 |     435 | 100.0 |       0 |      12 | 100.0
            +---------+---------+-------+---------+---------+-------
